AoeStats
← swippy

Yucatan

510404552Analyzed
4v4 RM · 2d ago on Sep 30, 2026· 31m 27s· 8 players
Game mode
Random Map
Map size
Large (8 player)
Population
200
Speed
Normal
Resources
Standard
Victory
Conquest
Starting age
Dark Age
Ending age
Imperial Age
RankedLock teamsTeams togetherTeam positionsShared explorationLock speedFull tech treeHidden civsTurbo modeCheats
Victory
Defeat
🇺🇸 Mapuche · United States
1093
+12
🇷🇺 Celts · Russia
1063
+13
🇫🇮 Teutons · Finland
1044
+14
🇬🇧 Khmer · United Kingdom
908
+19
🇦🇷 Dravidians · Argentina
1088
-18
🇵🇪 Malay · Peru
1001
-15
🇩🇴 Franks · Dominican Republic
960
-39
🇲🇽 Bengalis · Mexico
942
-12
avilareall
11:23 Feudal Age
17:18 Castle Age
15:42 Gold Mining
15:40 Double-Bit Axe
18:07 Wheelbarrow
17:46 Loom
18:45 Bow Saw
19:12 Fletching
25:43 Ballistics
26:21 Horse Collar
31:50 Bodkin Arrow
jochinmiriosbarrios
1:02 Loom
11:28 Feudal Age
15:53 Castle Age
15:06 Wheelbarrow
14:17 Town Watch
15:32 Fletching
Lord Voldemort
10:45 Feudal Age
FranGinaro
6:10 Loom
9:26 Feudal Age
9:37 Man-at-Arms
11:30 Double-Bit Axe
15:20 Gold Mining
15:36 Fletching
17:50 Padded Archer Armor
17:44 Horse Collar
24:01 Castle Age
25:04 Bodkin Arrow
24:38 Crossbowman
25:37 Bow Saw
26:08 Leather Archer Armor
26:55 Wheelbarrow
26:11 Town Watch
29:03 Hand Cart
Orangebaral
8:03 Loom
10:12 Feudal Age
10:31 Champi Runner
18:15 Castle Age
17:34 Forging
20:29 Iron Casting
19:54 Double-Bit Axe
23:13 Pikeman
24:56 Bow Saw
26:39 Fletching
27:18 Bodkin Arrow
29:36 Elite Skirmisher
31:09 Malon
FinnMaccool
0:29 Loom
11:45 Feudal Age
12:29 Double-Bit Axe
12:22 Man-at-Arms
15:05 Horse Collar
17:46 Scale Mail Armor
19:57 Castle Age
18:57 Forging
27:31 Pikeman
28:55 Gambesons
31:00 Wheelbarrow
31:52 Heavy Plow
32:06 Bow Saw
BetrayedSnail57
8:44 Loom
11:44 Feudal Age
14:43 Double-Bit Axe
16:49 Wheelbarrow
26:24 Castle Age
24:19 Stone Mining
24:20 Gold Mining
27:50 Bow Saw
swippy
6:47 Loom
9:12 Feudal Age
10:05 Double-Bit Axe
14:32 Horse Collar
21:01 Castle Age
20:53 Gold Mining
21:18 Scale Mail Armor
21:28 Forging
22:04 Bloodlines
25:00 Scale Barding Armor
27:21 Chain Barding Armor
28:20 Heavy Plow
30:33 Iron Casting
Connection lost

Rejoining the realm…

Still unreachable

The connection could not be restored.

Session expired

The server has moved on; the page needs a fresh start.